Map: Port Aleksander LE

Players

DnS - Winner!

  • Race: Protoss Protoss
  • Spawn Location: 11:00

soul

  • Race: Terran Terran
  • League: Grandmaster
  • Spawn Location: 5:00

Event: 2019 WCS Winter Europe

VOD

Have the link to the VOD?

Description

Time

  • Played on: Feb. 8, 2019, 10:41 a.m.
  • Length: 22:15

All games in this series

Show
View Real Time Build Order
Export as new Build Order

DnS Protoss - Winner!

Build Orders: 1 Gate Expand, Oracle Opening 

Get SALT Encoding   

  12  0:00  Probe  
  13  0:12  Probe  
  14  0:18  Pylon  
  14  0:24  Probe  
  15  0:32  Probe  
  15  0:37  Gateway  
  15  0:40  Probe  
  16  0:46  Assimilator  
  17  0:51  Probe  
  18  1:03  Probe  
  19  1:15  Probe  
  20  1:26  Nexus  
  20  1:35  Cybernetics Core  
  20  1:38  Probe  
  21  1:45  Assimilator  
  21  1:50  Probe  
  22  1:54  Pylon  
  22  2:02  Stalker, Probe  
  23  2:14  Probe  
  26  2:20  Stargate  
  26  2:26  Probe  
  27  2:32  Adept  
  27  2:34  Probe  
  27  2:36  Probe  
  29  2:39  Warp Gate  
  29  2:42  Probe  
  31  2:44  Probe  
  33  2:52  Probe  
  33  2:54  Oracle  
  33  2:55  Probe  
  35  3:04  Probe  
  39  3:07  Probe  
  39  3:09  Adept  
  39  3:12  Pylon  
  42  3:16  Probe  
  42  3:19  Probe  
  44  3:28  Probe  
  44  3:32  Probe  
  44  3:33  Oracle  
  46  3:35  Gateway  
  49  3:44  Probe x2  
  49  3:46  Gateway  
  51  3:50  Pylon  
  51  3:56  Probe  
  51  3:57  Probe  
  53  4:03  Phoenix  
  53  4:09  Nexus  
  53  4:10  Probe  
  53  4:12  Probe  
  57  4:27  Probe x2  
  57  4:28  Phoenix  
  57  4:30  Assimilator, Pylon  
  61  4:32  Assimilator  
  61  4:34  Pylon  
  61  4:41  Probe  
  62  4:48  Probe  
  63  4:53  Phoenix, Probe  
  63  4:58  Adept  
  63  4:59  Adept x2  
  72  5:16  Phoenix, Forge  
  72  5:17  Probe  
  72  5:19  Adept  
  77  5:21  Adept  
  77  5:22  Adept  
  81  5:28  Probe  
  81  5:29  Twilight Council  
  81  5:33  Oracle  
  82  5:36  Probe  
  82  5:40  Shield Battery  
  84  5:45  Adept x3  
  84  5:47  Probe  
  84  5:48  Protoss Ground Weapons Level 1  
  88  5:50  Probe  
  88  5:52  Probe  
  88  5:55  Probe  
  87  6:01  Resonating Glaives  
  87  6:02  Probe  
  87  6:03  Probe  
  89  6:04  Probe  
  91  6:14  Probe x2  
  93  6:22  Pylon  
  93  6:23  Pylon  
  93  6:24  Pylon  
  93  6:28  Probe  
  93  6:30  Probe x2  
  93  6:36  Probe  
  93  6:38  Probe  
  91  6:42  Probe  
  91  6:43  Robotics Facility  
  91  6:44  Probe  
  91  6:46  Probe  
  97  6:54  Probe x2  
  97  6:58  Probe  
  99  7:01  Gateway  
  99  7:02  Gateway  
  99  7:05  Gateway  
  99  7:06  Sentry, Probe x2, Gateway  
  99  7:07  Sentry x2, Gateway  
  107  7:10  Pylon  
  107  7:11  Assimilator  
  107  7:21  Probe x3  
  107  7:22  Protoss Ground Armor Level 1  
  110  7:24  Assimilator  
  110  7:29  Pylon  
  110  7:32  Blink  
  110  7:33  Pylon  
  110  7:34  Robotics Facility, Warp Prism  
  110  7:35  Robotics Bay  
  110  7:36  Probe x2  
  114  7:43  Probe  
  115  7:55  Adept x4  
  123  8:00  Pylon  
  123  8:01  Stalker x3  
  123  8:02  Stalker  
  123  8:05  Pylon  
  129  8:13  Colossus  
  129  8:21  Adept x4  
  129  8:22  Colossus  
  149  8:39  Nexus  
  149  8:41  Pylon  
  149  8:44  Extended Thermal Lance  
  149  8:57  Colossus  
  145  9:03  Stalker x4  
  145  9:05  Protoss Ground Weapons Level 2  
  159  9:12  Colossus  
  165  9:18  Charge  
  165  9:20  Forge  
  165  9:26  Pylon  
  165  9:32  Pylon  
  165  9:35  Pylon  
  165  9:44  Probe x3  
  168  9:49  Immortal, Pylon  
  166  9:54  Pylon  
  166  9:59  Warp Prism  
  166  10:00  Protoss Ground Armor Level 2  
  166  10:02  Stalker  
  172  10:11  Gateway  
  170  10:16  Gateway  
  170  10:18  Gateway, Dark Shrine  
  164  10:27  Stalker x4  
  168  10:29  Zealot x3  
  174  10:55  Photon Cannon  
  174  10:56  Zealot x8  
  190  10:59  Assimilator x2  
  190  11:02  Templar Archives  
  175  11:43  Dark Templar x2  
  175  11:44  Protoss Ground Weapons Level 3  
  177  11:47  Dark Templar x4  
  177  11:48  Dark Templar x3  
  177  11:49  Zealot, Dark Templar  
  177  11:51  Archon x2  
  177  11:52  Archon  
  193  12:02  Psionic Storm  
  185  12:13  Nexus  
  185  12:15  Pylon  
  185  12:16  Protoss Ground Armor Level 3  
  181  12:23  High Templar x2  
  181  12:24  High Templar x2  
  181  12:25  Zealot x5  
  199  12:40  Photon Cannon  
  199  12:43  Photon Cannon  
  199  12:44  Photon Cannon  
  199  12:45  Shield Battery  
  199  12:49  Pylon  
  189  13:00  High Templar  
  189  13:02  High Templar  
  189  13:03  High Templar  
  195  13:06  Photon Cannon  
  195  13:07  Photon Cannon  
  195  13:10  Photon Cannon  
  195  13:12  Stargate  
  195  13:15  Assimilator, Fleet Beacon  
  195  13:18  Assimilator  
  195  13:26  Protoss Air Weapons Level 1  
  195  13:28  Stalker x2  
  199  13:41  Zealot  
  200  13:45  Dark Templar x2  
  200  13:46  Zealot x2  
  198  13:51  Zealot  
  198  13:52  Zealot  
  195  14:01  Tempest x2  
  199  14:06  Assimilator  
  199  14:08  Pylon  
  199  14:12  Pylon  
  199  14:22  Probe  
  200  14:33  Photon Cannon  
  200  14:36  Photon Cannon  
  194  15:05  Stalker x2  
  194  15:06  Tempest  
  195  15:11  Tempest  
  195  15:12  Probe  
  195  15:13  Probe x4  
  181  15:21  Probe x3  
  181  15:25  Probe x2  
  174  15:29  Probe  
  174  15:30  Probe x2  
  177  15:36  High Templar  
  177  15:37  High Templar, Probe x2  
  177  15:39  High Templar x3, Probe x3  
  177  15:40  High Templar  
  190  15:43  Archon x2  
  190  15:49  Probe, Tempest  
  196  15:50  Dark Templar  
  196  15:53  High Templar  
  200  16:05  Protoss Shields Level 1  
  200  16:26  Nexus  
  198  16:41  Disruptor  
  198  16:42  Protoss Air Weapons Level 2  
  195  16:48  Pylon  
  195  16:49  Pylon  
  195  16:51  Oracle  
  198  16:59  Pylon, Gateway  
  198  17:00  Gateway  
  196  17:02  Dark Templar, Gateway  
  196  17:06  Disruptor  
  196  17:08  Gateway  
  197  17:15  High Templar  
  195  17:48  Dark Templar  
  195  17:49  Dark Templar  
  187  17:52  Stalker x7  
  187  18:14  Nexus  
  187  18:15  Disruptor x2  
  187  18:17  Dark Templar x2  
  197  18:24  High Templar  
  192  18:42  Stalker x4  
  194  18:51  Probe x5  
  194  18:55  Observer  
  200  19:01  Oracle, Protoss Air Weapons Level 3  
  197  19:36  Dark Templar  
  193  19:48  High Templar x2  
  193  20:12  Stalker x7  
  193  20:13  Stalker  
  195  20:34  Zealot x4  
  196  20:43  High Templar x2  
  162  21:22  Stalker x6  
  174  21:27  Stalker x4  
  174  21:30  Probe x2  
  176  21:37  Pylon  
  176  21:38  Pylon  
  176  21:39  Pylon x2  
  172  21:40  Pylon  
  172  21:41  Pylon  
  172  21:43  Pylon  
  165  21:57  Zealot  
  165  21:58  Zealot x7  
  150  22:04  Stalker  
Show
View Real Time Build Order
Export as new Build Order

soul Terran 

Build Orders: Banshee Rush 

Get SALT Encoding   

  12  0:05  SCV  
  13  0:17  SCV  
  13  0:20  Supply Depot  
  14  0:29  SCV, Refinery  
  15  0:42  SCV  
  16  0:47  Barracks  
  16  0:54  SCV  
  17  1:06  SCV  
  18  1:20  SCV  
  19  1:33  Marine  
  19  1:34  Orbital Command  
  20  1:49  Command Center  
  20  2:00  Factory  
  20  2:04  SCV  
  20  2:08  Barracks Reactor  
  21  2:14  Refinery  
  21  2:16  SCV  
  22  2:24  Supply Depot  
  22  2:28  SCV  
  23  2:43  Starport  
  23  2:44  Factory Tech Lab  
  23  2:45  Marine  
  23  2:46  SCV  
  25  2:58  SCV  
  27  3:01  Orbital Command  
  27  3:07  Cyclone  
  27  3:10  Marine  
  30  3:12  Marine  
  30  3:16  SCV  
  32  3:20  Starport Tech Lab  
  32  3:27  SCV  
  32  3:28  SCV  
  32  3:29  Marine  
  32  3:30  Marine  
  36  3:38  Cloaking Field  
  36  3:39  Banshee  
  39  3:43  SCV  
  39  3:45  SCV  
  39  3:47  Marine  
  42  3:49  Supply Depot  
  42  3:52  Marine  
  43  3:59  Supply Depot  
  43  4:03  SCV x2  
  45  4:11  Siege Tank  
  45  4:12  Supply Depot  
  45  4:15  SCV x2  
  45  4:16  Supply Depot  
  50  4:18  Marine  
  50  4:22  Marine  
  52  4:27  SCV  
  52  4:30  Banshee  
  56  4:35  SCV, Supply Depot  
  57  4:39  SCV  
  58  4:46  Siege Tank  
  58  4:48  SCV  
  58  4:51  SCV  
  63  4:53  Marine  
  64  5:00  SCV  
  64  5:01  Marine  
  64  5:05  Supply Depot  
  67  5:13  Banshee  
  68  5:15  Bunker, Barracks  
  68  5:16  Engineering Bay, Barracks  
  68  5:18  Bunker  
  68  5:19  SCV  
  67  5:23  SCV  
  67  5:26  Marine x2  
  70  5:31  SCV  
  64  5:36  SCV  
  64  5:37  Bunker  
  56  5:44  SCV, Marine x2  
  56  5:48  SCV  
  56  5:49  Refinery  
  57  5:50  Siege Tank, Refinery  
  57  5:56  SCV  
  61  5:59  Banshee  
  61  6:00  SCV  
  61  6:01  Command Center  
  61  6:02  Marine  
  63  6:06  Missile Turret  
  63  6:07  Barracks Tech Lab x2  
  63  6:08  SCV  
  63  6:09  Marine  
  65  6:16  SCV  
  65  6:19  Marine  
  65  6:22  SCV  
  67  6:27  Marine  
  67  6:28  SCV  
  67  6:30  Factory Reactor  
  67  6:32  Marine x2  
  71  6:34  SCV  
  71  6:37  Supply Depot  
  69  6:40  Combat Shield  
  69  6:41  Stimpack  
  69  6:43  Starport  
  69  6:50  Terran Infantry Weapons Level 1  
  69  6:51  Marine  
  69  6:52  Barracks x2  
  70  6:54  Marine  
  70  6:55  Marine  
  70  6:57  Marine  
  70  7:04  SCV x2  
  72  7:09  Marine, Supply Depot x2  
  72  7:13  Marauder, Widow Mine x2  
  79  7:16  SCV  
  79  7:21  Marauder, Starport Reactor  
  83  7:25  Marine  
  83  7:28  Orbital Command  
  83  7:34  Marauder  
  83  7:35  Widow Mine x2  
  83  7:37  SCV x2, Marine  
  91  7:42  Marauder  
  91  7:43  Marine, Barracks Reactor  
  91  7:44  Marauder  
  97  7:50  SCV  
  96  7:55  Marine x2  
  96  7:58  Medivac  
  96  7:59  Medivac, Concussive Shells  
  96  8:01  Orbital Command, Marine  
  96  8:03  Marauder  
  96  8:05  Marauder  
  101  8:13  Marine  
  101  8:14  Marauder  
  101  8:17  Missile Turret  
  101  8:19  SCV, Bunker, Marine  
  106  8:22  Marine  
  106  8:25  Marauder  
  106  8:26  SCV x2, Marine  
  112  8:28  Medivac  
  112  8:29  Medivac, Marine  
  112  8:30  Marine  
  112  8:31  SCV  
  117  8:35  Marauder  
  117  8:37  Marine  
  117  8:38  SCV  
  117  8:40  Marine  
  122  8:44  SCV x2, Marauder, Supply Depot  
  122  8:45  Supply Depot  
  122  8:46  Marauder  
  122  8:47  Marine  
  129  8:51  SCV  
  127  8:56  SCV x2, Marauder  
  127  8:57  Marine  
  127  9:01  Viking  
  132  9:03  SCV  
  132  9:05  Viking  
  132  9:06  Marauder  
  132  9:07  Refinery x2  
  137  9:13  SCV x2, Supply Depot  
  137  9:15  Supply Depot  
  139  9:17  Terran Infantry Armor Level 1  
  139  9:18  SCV, Starport  
  139  9:22  Fusion Core  
  140  9:24  Marine  
  140  9:25  Marauder, SCV  
  140  9:26  Liberator  
  140  9:28  Liberator  
  140  9:31  SCV x2  
  146  9:32  Marine  
  146  9:35  Marauder  
  146  9:37  SCV, Supply Depot  
  150  9:39  Supply Depot  
  150  9:43  SCV  
  154  9:51  Marauder, Marine  
  156  9:57  Starport Tech Lab  
  156  9:59  Marine  
  156  10:03  Liberator  
  156  10:06  Armory  
  157  10:08  Engineering Bay, Liberator  
  156  10:15  Marauder x2, Marine  
  156  10:16  Command Center  
  156  10:21  Marauder, Marine  
  167  10:31  Liberator  
  167  10:35  Advanced Ballistics  
  167  10:37  Marauder x2, Marine  
  172  10:44  Supply Depot  
  172  10:45  SCV  
  172  10:46  SCV, Marauder, Marine  
  179  10:51  Marine  
  179  10:52  Liberator, Marine  
  181  10:59  Missile Turret, Sensor Tower  
  181  11:02  Terran Ship Weapons Level 1  
  181  11:06  Marauder x2  
  188  11:12  SCV  
  188  11:13  Command Center  
  189  11:19  Liberator x2, Marine  
  189  11:20  SCV  
  189  11:21  SCV, Marauder  
  189  11:22  Marine  
  189  11:28  Marauder  
  189  11:31  Marauder, Marine  
  192  11:40  SCV  
  192  11:43  Marauder  
  195  11:54  Marauder  
  195  11:55  Missile Turret  
  195  11:56  Refinery, Marine  
  195  11:57  Refinery  
  198  12:02  Sensor Tower  
  194  12:08  Missile Turret  
  194  12:10  Planetary Fortress  
  194  12:12  Sensor Tower  
  194  12:20  Marauder x3  
  200  12:25  Terran Infantry Weapons Level 2  
  200  12:33  Terran Infantry Armor Level 2  
  200  12:40  Missile Turret x2  
  200  12:44  Orbital Command  
  200  12:46  Command Center  
  199  13:02  Sensor Tower  
  199  13:14  Factory  
  199  13:20  Liberator  
  199  13:22  Thor, Command Center  
  198  13:28  Missile Turret  
  198  13:36  Liberator  
  198  13:43  Marine  
  198  13:44  Marauder  
  195  13:49  Liberator x2  
  195  13:51  Marauder, Marine  
  189  13:57  SCV x4  
  189  13:59  Factory Tech Lab  
  189  14:01  Terran Vehicle And Ship Armor Level 1  
  189  14:02  Armory  
  182  14:09  SCV  
  185  14:14  Thor  
  191  14:18  Missile Turret  
  191  14:23  Armory  
  191  14:27  Medivac  
  193  14:36  Medivac  
  195  14:53  Ghost Academy  
  195  14:54  Liberator  
  195  14:58  Barracks  
  195  14:59  Barracks  
  189  15:00  Barracks  
  189  15:03  Thor  
  195  15:15  Terran Vehicle Weapons Level 1  
  193  15:21  Planetary Fortress  
  193  15:29  Ghost x3  
  192  15:38  Thor  
  192  15:42  SCV  
  199  15:48  SCV  
  200  15:57  Sensor Tower  
  200  16:00  Missile Turret  
  198  16:17  Sensor Tower, Orbital Command  
  197  16:20  SCV x3  
  197  16:22  Sensor Tower  
  200  16:26  Terran Infantry Weapons Level 3  
  200  16:27  Terran Vehicle And Ship Armor Level 2  
  185  16:43  Thor  
  185  16:44  Refinery  
  185  16:45  SCV x2  
  182  16:50  SCV  
  182  16:54  SCV, Liberator x2  
  182  16:56  SCV x3  
  182  16:57  SCV  
  178  17:11  Medivac  
  186  17:16  Liberator  
  181  17:24  Liberator  
  175  17:36  Marine x2  
  180  17:38  Marine  
  180  17:41  Marauder, Marine  
  184  17:45  Liberator  
  183  17:52  Thor  
  181  18:07  Marine x4  
  181  18:09  SCV  
  181  18:10  SCV x6  
  179  18:19  Marine  
  178  18:22  SCV x2  
  178  18:23  Engineering Bay  
  180  18:29  Marine  
  180  18:33  Marauder, Marine  
  165  18:38  Marauder, Marine x3  
  165  18:39  Marine  
  165  18:40  SCV  
  156  18:41  Marine  
  156  18:46  SCV  
  156  18:47  SCV  
  159  18:49  SCV, Marine  
  158  18:57  Ghost  
  158  19:02  Missile Turret  
  160  19:08  SCV  
  165  19:12  SCV x3  
  165  19:15  SCV, Marine  
  169  19:17  SCV  
  166  19:25  Medivac  
  166  19:26  Medivac  
  166  19:27  Medivac  
  166  19:30  Medivac  
  171  19:41  Marauder  
  171  19:42  Marine  
  171  19:43  Marine  
  175  19:48  Marauder  
  170  19:57  Liberator x2  
  158  20:10  Marauder, Marine  
  158  20:12  Marauder, Marine x2  
  164  20:15  Marine x4  
  163  20:48  Supply Depot  
  157  20:50  Supply Depot x2  
  157  20:51  Supply Depot  
  157  20:52  Supply Depot  
  152  21:15  Medivac x2  
  156  21:19  Marine x2  
  156  21:32  Supply Depot  
  156  21:36  Marine x2  
  150  21:54  Marine x2  
  86  22:08  Barracks  
  86  22:09  Barracks  
  86  22:10  Barracks  
  86  22:11  Barracks  
Tags
 
Add a new tag
Caveats
  • Supply blocks, unpowered buildings, or Contaminate may cause inaccurate times.
  • Supply counts are checked every 10 seconds.